WCHLSIM.com - West Coast Hockey League
html PUBLIC "-//W3C//DTD XHTML 1.0 Transitional//EN" "http://www.w3.org/TR/xhtml1/DTD/xhtml1-transitional.dtd"> WCHL - Game 181 - RENO LIONS vs WINNIPEG BEAVERS

RENO LIONS vs WINNIPEG BEAVERS

Created - 7 novembre 2022 at 22:54

Goals
1 2 3 OT1 SO T
RENO LIONS 1 0 1 0 2 3
WINNIPEG BEAVERS 2 0 0 0 0 2
Shots
1 2 3 OT1 SO T
RENO LIONS 14 8 4 2 3 28
WINNIPEG BEAVERS 4 4 4 2 2 14

1st period

1. WINNIPEG BEAVERS , Victor Hedman 4 (Joe Pavelski 9, Ondrej Palat 7) at 11:09
2. RENO LIONS , Pierre-Luc Dubois 4 (Jacob Trouba 8, Cam Atkinson 9) at 17:23
3. WINNIPEG BEAVERS , Brad Marchand 9 (Jordan Staal 12, Rasmus Ristolainen 3) at 18:05

Penalties :
Elias Pettersson (REN) for Interference (Minor) at 7:04, Ian Cole (WIN) for Unsportsmanlike conduct (Minor) at 18:11

2nd period

No Goal

Penalties :
Ian Cole (WIN) for Holding (Minor) at 3:53, Steven Stamkos (REN) for Roughing (Minor) at 3:53, Caleb Jones (WIN) for Holding (Minor) at 16:38

3rd period

4. RENO LIONS , Vincent Hinostroza 1 (Robert Hagg 1, Nicholas Ritchie 1) at 16:02 (PP)

Penalties :
Brandon Tanev (WIN) for Slashing (Minor) at 4:58, Nicholas Ritchie (REN) for Slashing (Minor) at 7:04, Ian Cole (WIN) for Hooking (Minor) at 14:50, Ian Cole (WIN) for Holding (Minor) at 18:46

Overtime #1

No Goal

Penalties :
No Penalty

Shootout

RENO LIONS, Steven Stamkos - Stopped by Anton Forsberg
WINNIPEG BEAVERS, Joe Pavelski - Stopped by Eric Comrie
RENO LIONS, Kirill Kaprizov - Goal!
WINNIPEG BEAVERS, Brad Marchand - Shot Misses the Net
RENO LIONS, Elias Pettersson - Goal!

Penalties :
No Penalty

Goalie Stats

Eric Comrie (REN), 12 saves from 14 shots - (0,857), W, 3-0-0, 65:00 minutes
Anton Forsberg (WIN), 26 saves from 28 shots - (0,929), OTL, 2-4-3, 65:00 minutes

Players Stats for RENO LIONS

Player Name              G  A  P  +/- PIM S  H  SB GA TA FO     MP     PP MP  PK MP  
------------------------------------------------------------------------------------
Andreas Johnsson         0  0  0  -1  0   0  0  0  0  0  1/2    11:51   0:38   0:00 
Cam Atkinson             0  1  1   1  0   4  0  0  0  0  0/3    20:14   5:00   0:00 
Derek Grant              0  0  0  -1  0   3  0  0  0  0  5/11   11:13   0:00   0:00 
Elias Pettersson         0  0  0   0  2   2  0  0  0  0  2/2    22:22   2:44   0:00 
Ethan Bear               0  0  0  -1  0   0  0  1  0  0  0/0    15:37   0:38   1:28 
Ilya Mikheyev            0  0  0   1  0   1  2  0  0  0  1/1    22:04   5:00   1:50 
Jacob Trouba             0  1  1   0  0   3  4  3  0  0  0/0    26:29   4:52   0:27 
Kirill Kaprizov          0  0  0   0  0   5  0  0  0  0  1/2    23:08   2:44   0:00 
Mattias Samuelsson       0  0  0   0  0   0  0  0  0  0  0/0    21:13   2:52   2:30 
Nicholas Ritchie         0  1  1  -1  2   0  0  0  0  0  0/0     5:05   0:38   0:00 
Nikita Zadorov           0  0  0   0  0   1  1  0  0  0  0/0    20:58   2:52   1:28 
Oliver Ekman-Larsson     0  0  0   0  0   0  3  2  0  0  0/0    25:17   4:52   0:00 
Patrick Brown            0  0  0  -1  0   0  1  0  0  0  3/9     6:05   0:00   2:20 
Pierre-Luc Dubois        1  0  1   1  0   5  3  0  0  0  16/28  22:26   5:00   1:38 
Robert Hagg              0  1  1  -1  0   0  1  0  0  0  0/0    16:12   0:38   2:03 
Steven Stamkos           0  0  0   0  2   3  3  1  0  0  17/29  23:37   2:44   0:30 
Trevor Lewis             0  0  0  -1  0   0  0  0  0  0  0/1     9:54   0:00   0:00 
Vincent Hinostroza       1  0  1  -1  0   1  0  0  0  0  0/0     6:01   0:38   1:38 

Players Stats for WINNIPEG BEAVERS

Player Name              G  A  P  +/- PIM S  H  SB GA TA FO     MP     PP MP  PK MP  
------------------------------------------------------------------------------------
Alexander Radulov        0  0  0   1  0   0  0  0  0  0  0/0    17:43   1:54   0:00 
Brad Marchand            1  0  1   1  0   3  1  0  0  0  0/0    22:59   2:04   2:20 
Brandon Tanev            0  0  0  -1  2   0  1  0  0  0  0/1    13:10   0:00   2:58 
Caleb Jones              0  0  0   0  2   0  1  0  0  0  0/0    15:49   0:00   0:45 
Carson Soucy             0  0  0   0  0   1  2  0  0  0  0/0    19:18   0:00   3:23 
Chris Tanev              0  0  0   1  0   0  0  1  0  0  0/0    25:23   2:25   3:45 
Ian Cole                 0  0  0   0  8   0  1  1  0  0  0/0    17:26   2:25   0:00 
Jack Roslovic            0  0  0   1  0   0  1  0  0  0  1/5    17:15   1:54   0:00 
Joe Pavelski             0  1  1   1  0   0  1  0  0  0  10/21  20:58   2:04   0:32 
Joe Thornton             0  0  0  -1  0   0  1  0  0  0  1/2    12:46   0:00   2:33 
Jordan Staal             0  1  1   1  0   2  0  0  0  0  18/25  21:09   2:04   0:34 
Ondrej Palat             0  1  1   1  0   3  0  1  0  0  0/2    20:43   1:54   0:31 
Rasmus Ristolainen       0  1  1   1  0   0  5  0  0  0  0/0    23:48   1:33   5:23 
Sean Kuraly              0  0  0  -1  0   3  0  0  0  0  9/21   14:50   0:00   4:22 
Seth Griffith            0  0  0   0  0   0  0  0  0  0  3/11    8:13   0:00   3:40 
Steven Lorentz           0  0  0   0  0   0  0  0  0  0  0/0     4:33   0:00   0:00 
Tyler Ennis              0  0  0   0  0   0  0  0  0  0  0/0     4:33   0:00   0:00 
Victor Hedman            1  0  1   0  0   2  0  2  0  0  0/0    23:57   1:33   5:00 

3 Stars

1 - Pierre-Luc Dubois (REN)
2 - Rasmus Ristolainen (WIN)
3 - Brad Marchand (WIN)

Power Play

RENO LIONS - 1 on 5 Attempt(s) - 20,00%
WINNIPEG BEAVERS - 0 on 2 Attempt(s) - 0,00%

Penalty Kill

RENO LIONS - 2 on 2 Attempt(s) - 100,00% - Score 0 goal in Penalty Kill
WINNIPEG BEAVERS - 4 on 5 Attempt(s) - 80,00% - Score 0 goal in Penalty Kill

Team Stat

RENO LIONS - Hits : 18 - Faceoff Wins : 46 - Blocked Shots : 7 - Penalty Minutes : 6
WINNIPEG BEAVERS - Hits : 14 - Faceoff Wins : 42 - Blocked Shots : 5 - Penalty Minutes : 12

Official

Referees : Dave Lewis and Frederick L'Ecuyer
Linesman : Steven Walsh and Kelsey Mahoney

Game Notes

No Game Note

Finance

Level 1 -- Attendance: 6000 (100,00%) -- Ticket Income 936 000 $
Level 2 -- Attendance: 4549 (90,98%) -- Ticket Income 541 331 $
Level 3 -- Attendance: 2000 (100,00%) -- Ticket Income 190 000 $
Level 4 -- Attendance: 3857 (96,43%) -- Ticket Income 281 561 $
Luxury Box -- Attendance: 745 (74,50%) -- Ticket Income 249 575 $
Total Attendance: 17151 (95,28%)
Total Ticket Income: 2 198 467 $
Other Expense: 21 985 $
Total Income: 2 176 482 $

RENO LIONS

5 vs 5 Forward 
   Center                   Left Wing                Right Wing               Time % Phy DF OF 
 1 Steven Stamkos           Kirill Kaprizov          Elias Pettersson         40     0   1  4  
 2 Pierre-Luc Dubois        Ilya Mikheyev            Cam Atkinson             30     0   1  4  
 3 Derek Grant              Andreas Johnsson         Trevor Lewis             20     1   3  1  
 4 Patrick Brown            Nicholas Ritchie         Vincent Hinostroza       10     2   3  0  

5 vs 5 Defense 
   Defense                  Defense                                           Time % Phy DF OF 
 1 Jacob Trouba             Oliver Ekman-Larsson                              36     1   2  2  
 2 Nikita Zadorov           Mattias Samuelsson                                31     1   2  2  
 3 Ethan Bear               Robert Hagg                                       23     1   2  2  
 4 Jacob Trouba             Oliver Ekman-Larsson                              10     1   2  2  

PowerPlay Forward 
   Center                   Left Wing                Right Wing               Time % Phy DF OF 
 1 Pierre-Luc Dubois        Ilya Mikheyev            Cam Atkinson             55     0   0  5  
 2 Steven Stamkos           Kirill Kaprizov          Elias Pettersson         45     0   0  5  

PowerPlay Defense
   Defense                  Defense                                           Time % Phy DF OF 
 1 Jacob Trouba             Oliver Ekman-Larsson                              55     1   2  2  
 2 Mattias Samuelsson       Nikita Zadorov                                    45     1   2  2  

Penalty Kill 4 Players Forward 
   Center                   Wing                     Time % Phy DF OF 
 1 Patrick Brown            Ilya Mikheyev            55     1   2  2  
 2 Pierre-Luc Dubois        Vincent Hinostroza       45     1   2  2  

Penalty Kill 4 Players Defense
   Defense                  Defense                  Time % Phy DF OF 
 1 Mattias Samuelsson       Robert Hagg              55     1   2  2  
 2 Ethan Bear               Nikita Zadorov           45     1   2  2  

Penalty Kill - 3 Players Forward 
   Forward                                           Time % Phy DF OF 
 1 Cam Atkinson                                      55     1   2  2  
 2 Pierre-Luc Dubois                                 45     1   2  2  

Penalty Kill - 3 Players Defense
   Defense                  Defense                  Time % Phy DF OF 
 1 Jacob Trouba             Oliver Ekman-Larsson     55     1   2  2  
 2 Mattias Samuelsson       Robert Hagg              45     1   2  2  

4 vs 4 Forward 
   Center                   Wing                     Time % Phy DF OF 
 1 Derek Grant              Andreas Johnsson         55     1   2  2  
 2 Trevor Lewis             Nicholas Ritchie         45     1   2  2  

4 vs 4 Defense
   Defense                  Defense                  Time % Phy DF OF 
 1 Ethan Bear               Robert Hagg              55     1   2  2  
 2 Jacob Trouba             Oliver Ekman-Larsson     45     1   2  2  

Last Minutes Offensive
   Center                   Left Wing                Right Wing               Defense                  Defense                  
   Steven Stamkos           Kirill Kaprizov          Elias Pettersson         Jacob Trouba             Oliver Ekman-Larsson     

Last Minutes Defensive
   Center                   Left Wing                Right Wing               Defense                  Defense                  
   Steven Stamkos           Kirill Kaprizov          Ilya Mikheyev            Jacob Trouba             Oliver Ekman-Larsson     

Goaltenders
Starting : Eric Comrie              
Backup : Elvis Merzlikins         

Extra Forwards
Normal : Pierre-Luc Dubois, Cam Atkinson, Derek Grant - PP : Andreas Johnsson, Nicholas Ritchie - PK : Patrick Brown
Extra Defensemen
Normal : Nikita Zadorov, Ethan Bear, Jacob Trouba - PP : Oliver Ekman-Larsson - PK : Mattias Samuelsson, Robert Hagg
Penalty Shots
Steven Stamkos, Kirill Kaprizov, Elias Pettersson, Pierre-Luc Dubois, Cam Atkinson
Custom OT Lines Forwards
Steven Stamkos, Kirill Kaprizov, Elias Pettersson, Pierre-Luc Dubois, Cam Atkinson, Ilya Mikheyev, Derek Grant, Trevor Lewis, Andreas Johnsson, Nicholas Ritchie
Custom OT Lines Defensemen
Jacob Trouba, Oliver Ekman-Larsson, Nikita Zadorov, Mattias Samuelsson, Robert Hagg

Scratches
None

WINNIPEG BEAVERS

5 vs 5 Forward 
   Center                   Left Wing                Right Wing               Time % Phy DF OF 
 1 Joe Pavelski             Ondrej Palat             Jack Roslovic            34     0   3  2  
 2 Jordan Staal             Brad Marchand            Alexander Radulov        34     0   3  2  
 3 Sean Kuraly              Joe Thornton             Brandon Tanev            23     1   3  1  
 4 Seth Griffith            Steven Lorentz           Tyler Ennis              9      3   2  0  

5 vs 5 Defense 
   Defense                  Defense                                           Time % Phy DF OF 
 1 Victor Hedman            Carson Soucy                                      33     0   3  2  
 2 Chris Tanev              Rasmus Ristolainen                                32     0   3  2  
 3 Ian Cole                 Caleb Jones                                       28     1   3  1  
 4 Victor Hedman            Chris Tanev                                       7      1   2  2  

PowerPlay Forward 
   Center                   Left Wing                Right Wing               Time % Phy DF OF 
 1 Jordan Staal             Brad Marchand            Joe Pavelski             52     0   0  5  
 2 Jack Roslovic            Ondrej Palat             Alexander Radulov        48     1   2  2  

PowerPlay Defense
   Defense                  Defense                                           Time % Phy DF OF 
 1 Victor Hedman            Rasmus Ristolainen                                52     0   1  4  
 2 Chris Tanev              Ian Cole                                          48     1   2  2  

Penalty Kill 4 Players Forward 
   Center                   Wing                     Time % Phy DF OF 
 1 Sean Kuraly              Brandon Tanev            52     0   4  1  
 2 Seth Griffith            Joe Thornton             48     0   4  1  

Penalty Kill 4 Players Defense
   Defense                  Defense                  Time % Phy DF OF 
 1 Victor Hedman            Rasmus Ristolainen       50     1   3  1  
 2 Chris Tanev              Carson Soucy             50     1   3  1  

Penalty Kill - 3 Players Forward 
   Forward                                           Time % Phy DF OF 
 1 Jordan Staal                                      55     0   5  0  
 2 Sean Kuraly                                       45     0   5  0  

Penalty Kill - 3 Players Defense
   Defense                  Defense                  Time % Phy DF OF 
 1 Victor Hedman            Rasmus Ristolainen       50     1   4  0  
 2 Chris Tanev              Carson Soucy             50     1   4  0  

4 vs 4 Forward 
   Center                   Wing                     Time % Phy DF OF 
 1 Joe Pavelski             Brad Marchand            50     1   2  2  
 2 Jordan Staal             Ondrej Palat             50     1   2  2  

4 vs 4 Defense
   Defense                  Defense                  Time % Phy DF OF 
 1 Victor Hedman            Rasmus Ristolainen       50     1   2  2  
 2 Chris Tanev              Ian Cole                 50     1   2  2  

Last Minutes Offensive
   Center                   Left Wing                Right Wing               Defense                  Defense                  
   Jordan Staal             Brad Marchand            Joe Pavelski             Victor Hedman            Chris Tanev              

Last Minutes Defensive
   Center                   Left Wing                Right Wing               Defense                  Defense                  
   Jordan Staal             Brad Marchand            Joe Pavelski             Victor Hedman            Chris Tanev              

Goaltenders
Starting : Anton Forsberg           
Backup : Braden Holtby            

Extra Forwards
Normal : Jordan Staal, Joe Pavelski, Brad Marchand - PP : Sean Kuraly, Joe Thornton - PK : Brandon Tanev
Extra Defensemen
Normal : Carson Soucy, Caleb Jones, Rasmus Ristolainen - PP : Carson Soucy - PK : Caleb Jones, Rasmus Ristolainen
Penalty Shots
Joe Pavelski, Brad Marchand, Jordan Staal, Ondrej Palat, Jack Roslovic
Custom OT Lines Forwards
Joe Pavelski, Brad Marchand, Jordan Staal, Ondrej Palat, Sean Kuraly, Alexander Radulov, Jack Roslovic, Joe Thornton, Brandon Tanev, Tyler Ennis
Custom OT Lines Defensemen
Victor Hedman, Chris Tanev, Rasmus Ristolainen, Ian Cole, Carson Soucy

Scratches
None


% Time on Ice - RENO LIONS

Lines # - Real PCT - Wanted PCT - Time Play
Normal Forward
1 - 40% - 40% - 18:18
2 - 32% - 30% - 14:27
3 - 20% - 20% - 9:11
4 - 8% - 10% - 3:45
Normal Defense
1 - 36% - 36% - 16:20
2 - 34% - 31% - 15:34
3 - 26% - 23% - 11:46
4 - 4% - 10% - 2:01
PP Forward
1 - 60% - 55% - 5:00
2 - 40% - 45% - 3:22
PP Defense
1 - 66% - 55% - 5:30
2 - 34% - 45% - 2:52
PK Forward
1 - 59% - 55% - 2:20
2 - 41% - 45% - 1:38
PK Defense
1 - 63% - 55% - 2:30
2 - 37% - 45% - 1:28
PK3 Forward
1 - 0% - 55%
2 - 0% - 45%
PK3 Defense
1 - 0% - 55%
2 - 0% - 45%
44 Forward
1 - 74% - 55% - 2:02
2 - 26% - 45% - 0:43
44 Defense
1 - 64% - 55% - 1:45
2 - 36% - 45% - 1:00
Last Minute Offensive  - 0:00
Last Minute Defensive  - 0:00
Total
Forward - 60:46
Defense - 60:46

% Time on Ice - WINNIPEG BEAVERS

Lines # - Real PCT - Wanted PCT - Time Play
Normal Forward
1 - 34% - 34% - 15:21
2 - 34% - 34% - 15:34
3 - 22% - 23% - 10:13
4 - 10% - 9% - 4:33
Normal Defense
1 - 32% - 33% - 14:35
2 - 32% - 32% - 14:41
3 - 33% - 28% - 15:05
4 - 3% - 7% - 1:20
PP Forward
1 - 52% - 52% - 2:04
2 - 48% - 48% - 1:54
PP Defense
1 - 39% - 52% - 1:33
2 - 61% - 48% - 2:25
PK Forward
1 - 56% - 52% - 4:42
2 - 44% - 48% - 3:40
PK Defense
1 - 59% - 50% - 4:57
2 - 41% - 50% - 3:25
PK3 Forward
1 - 74% - 55% - 0:34
2 - 26% - 45% - 0:12
PK3 Defense
1 - 57% - 50% - 0:26
2 - 43% - 50% - 0:20
44 Forward
1 - 33% - 50% - 0:39
2 - 67% - 50% - 1:20
44 Defense
1 - 33% - 50% - 0:39
2 - 67% - 50% - 1:20
Last Minute Offensive  - 0:00
Last Minute Defensive  - 0:00
Total
Forward - 60:46
Defense - 60:46

Play-by-Play

1st period


0:01 of 1st period - Steven Stamkos wins face-off versus Joe Pavelski in neutral zone.
0:09 of 1st period - Shot by Steven Stamkos.
0:09 of 1st period - Shot Blocked by Victor Hedman.
0:30 of 1st period - Icing by Carson Soucy.
0:31 of 1st period - Joe Pavelski wins face-off versus Pierre-Luc Dubois in WINNIPEG BEAVERS zone.
1:37 of 1st period - Off-side.
1:38 of 1st period - Jordan Staal wins face-off versus Patrick Brown in neutral zone.
1:45 of 1st period - Shot by Brad Marchand.
1:45 of 1st period - Stopped by Eric Comrie without a rebound.
1:46 of 1st period - Sean Kuraly wins face-off versus Steven Stamkos in RENO LIONS zone.
2:06 of 1st period - Sean Kuraly is hit by Oliver Ekman-Larsson and loses puck.
2:10 of 1st period - Icing by Jacob Trouba.
2:11 of 1st period - Steven Stamkos wins face-off versus Jordan Staal in RENO LIONS zone.
2:20 of 1st period - Shot by Jordan Staal.
2:20 of 1st period - Shot Misses the Net.
2:27 of 1st period - Off-side.
2:28 of 1st period - Seth Griffith wins face-off versus Andreas Johnsson in neutral zone.
2:59 of 1st period - Shot by Andreas Johnsson.
2:59 of 1st period - Deflect By Derek Grant.
2:59 of 1st period - Stopped by Anton Forsberg without a rebound.
3:00 of 1st period - Jordan Staal wins face-off versus Patrick Brown in WINNIPEG BEAVERS zone.
3:20 of 1st period - Shot by Brad Marchand.
3:20 of 1st period - Shot Misses the Net.
3:38 of 1st period - Jordan Staal is hit by Patrick Brown and loses puck.
4:19 of 1st period - Icing by Victor Hedman.
4:20 of 1st period - Sean Kuraly wins face-off versus Steven Stamkos in WINNIPEG BEAVERS zone.
4:43 of 1st period - Kirill Kaprizov is hit by Joe Thornton and loses puck.
4:53 of 1st period - Victor Hedman is hit by Robert Hagg and loses puck.
5:21 of 1st period - Icing by Rasmus Ristolainen.
5:22 of 1st period - Joe Pavelski wins face-off versus Pierre-Luc Dubois in WINNIPEG BEAVERS zone.
5:22 of 1st period - Joe Pavelski is hit by Pierre-Luc Dubois.
5:30 of 1st period - Shot by Jack Roslovic.
5:30 of 1st period - Shot Misses the Net.
5:47 of 1st period - Joe Pavelski is hit by Jacob Trouba and loses puck.
6:00 of 1st period - Joe Pavelski is hit by Ilya Mikheyev and loses puck.
6:47 of 1st period - Shot by Derek Grant.
6:47 of 1st period - Stopped by Anton Forsberg without a rebound.
6:48 of 1st period - Steven Stamkos wins face-off versus Seth Griffith in WINNIPEG BEAVERS zone.
7:04 of 1st period - Minor Penalty to Elias Pettersson for Interference.
7:05 of 1st period - Joe Pavelski wins face-off versus Patrick Brown in RENO LIONS zone.
9:41 of 1st period - Shot by Kirill Kaprizov.
9:41 of 1st period - Stopped by Anton Forsberg without a rebound.
9:42 of 1st period - Sean Kuraly wins face-off versus Derek Grant in WINNIPEG BEAVERS zone.
10:34 of 1st period - Shot by Steven Stamkos.
10:34 of 1st period - Shot Misses the Net.
10:36 of 1st period - Shot by Steven Stamkos.
10:36 of 1st period - Shot Misses the Net.
10:38 of 1st period - Shot by Elias Pettersson.
10:38 of 1st period - Stopped by Anton Forsberg with a rebound.
10:40 of 1st period - Shot by Nikita Zadorov.
10:40 of 1st period - Stopped by Anton Forsberg without a rebound.
10:41 of 1st period - Joe Pavelski wins face-off versus Pierre-Luc Dubois in WINNIPEG BEAVERS zone.
10:49 of 1st period - Icing by Victor Hedman.
10:50 of 1st period - Joe Pavelski wins face-off versus Patrick Brown in WINNIPEG BEAVERS zone.
11:07 of 1st period - Shot by Joe Pavelski.
11:07 of 1st period - Shot Misses the Net.
11:09 of 1st period - Shot by Victor Hedman.
11:09 of 1st period - Goal by Victor Hedman - RENO LIONS : 0 - WINNIPEG BEAVERS : 1.
11:10 of 1st period - Jordan Staal wins face-off versus Cam Atkinson in neutral zone.
11:33 of 1st period - Shot by Brad Marchand.
11:33 of 1st period - Shot Misses the Net.
11:36 of 1st period - Icing by Mattias Samuelsson.
11:37 of 1st period - Pierre-Luc Dubois wins face-off versus Joe Pavelski in RENO LIONS zone.
11:50 of 1st period - Chris Tanev is hit by Pierre-Luc Dubois and loses puck.
11:55 of 1st period - Shot by Pierre-Luc Dubois.
11:55 of 1st period - Stopped by Anton Forsberg without a rebound.
11:56 of 1st period - Steven Stamkos wins face-off versus Jordan Staal in WINNIPEG BEAVERS zone.
11:57 of 1st period - Shot by Kirill Kaprizov.
11:57 of 1st period - Stopped by Anton Forsberg without a rebound.
11:58 of 1st period - Jordan Staal wins face-off versus Steven Stamkos in WINNIPEG BEAVERS zone.
11:58 of 1st period - Jordan Staal is hit by Steven Stamkos.
12:04 of 1st period - Shot by Brad Marchand.
12:04 of 1st period - Shot Misses the Net.
12:32 of 1st period - Shot by Steven Stamkos.
12:32 of 1st period - Stopped by Anton Forsberg with a rebound.
12:37 of 1st period - Icing by Rasmus Ristolainen.
12:38 of 1st period - Pierre-Luc Dubois wins face-off versus Jordan Staal in WINNIPEG BEAVERS zone.
12:41 of 1st period - Shot by Cam Atkinson.
12:41 of 1st period - Stopped by Anton Forsberg without a rebound.
12:42 of 1st period - Pierre-Luc Dubois wins face-off versus Joe Pavelski in WINNIPEG BEAVERS zone.
12:43 of 1st period - Shot by Ilya Mikheyev.
12:43 of 1st period - Shot Blocked by Ondrej Palat.
12:59 of 1st period - Shot by Cam Atkinson.
12:59 of 1st period - Shot Blocked by Ian Cole.
14:12 of 1st period - Shot by Steven Stamkos.
14:12 of 1st period - Shot Misses the Net.
14:14 of 1st period - Shot by Jacob Trouba.
14:14 of 1st period - Stopped by Anton Forsberg without a rebound.
14:15 of 1st period - Jordan Staal wins face-off versus Trevor Lewis in WINNIPEG BEAVERS zone.
14:35 of 1st period - Shot by Ethan Bear.
14:35 of 1st period - Shot Hit the Post.
14:52 of 1st period - Trevor Lewis is hit by Rasmus Ristolainen.
15:19 of 1st period - Icing by Oliver Ekman-Larsson.
15:20 of 1st period - Jack Roslovic wins face-off versus Patrick Brown in RENO LIONS zone.
15:46 of 1st period - Shot by Ondrej Palat.
15:46 of 1st period - Stopped by Eric Comrie without a rebound.
15:47 of 1st period - Sean Kuraly wins face-off versus Steven Stamkos in RENO LIONS zone.
16:04 of 1st period - Shot by Steven Stamkos.
16:04 of 1st period - Shot Misses the Net.
16:06 of 1st period - Shot by Mattias Samuelsson.
16:06 of 1st period - Shot Misses the Net.
16:08 of 1st period - Shot by Elias Pettersson.
16:08 of 1st period - Shot Blocked by Victor Hedman.
16:10 of 1st period - Shot by Mattias Samuelsson.
16:10 of 1st period - Shot Misses the Net.
16:39 of 1st period - Icing by Victor Hedman.
16:40 of 1st period - Pierre-Luc Dubois wins face-off versus Sean Kuraly in WINNIPEG BEAVERS zone.
16:51 of 1st period - Shot by Cam Atkinson.
16:51 of 1st period - Shot Misses the Net.
17:23 of 1st period - Shot by Pierre-Luc Dubois.
17:23 of 1st period - Goal by Pierre-Luc Dubois - RENO LIONS : 1 - WINNIPEG BEAVERS : 1.
17:24 of 1st period - Jordan Staal wins face-off versus Derek Grant in neutral zone.
18:05 of 1st period - Shot by Brad Marchand.
18:05 of 1st period - Goal by Brad Marchand - RENO LIONS : 1 - WINNIPEG BEAVERS : 2.
18:06 of 1st period - Steven Stamkos wins face-off versus Joe Pavelski in neutral zone.
18:11 of 1st period - Shot by Steven Stamkos.
18:11 of 1st period - Stopped by Anton Forsberg without a rebound.
18:11 of 1st period - Minor Penalty to Ian Cole for Unsportsmanlike conduct.
18:12 of 1st period - Pierre-Luc Dubois wins face-off versus Brandon Tanev in WINNIPEG BEAVERS zone.
18:48 of 1st period - Shot by Pierre-Luc Dubois.
18:48 of 1st period - Shot Misses the Net.
18:50 of 1st period - Shot by Oliver Ekman-Larsson.
18:50 of 1st period - Shot Misses the Net.
18:52 of 1st period - Shot by Jacob Trouba.
18:52 of 1st period - Shot Misses the Net.
18:54 of 1st period - Shot by Jacob Trouba.
18:54 of 1st period - Stopped by Anton Forsberg without a rebound.
18:55 of 1st period - Steven Stamkos wins face-off versus Sean Kuraly in WINNIPEG BEAVERS zone.
19:29 of 1st period - Shot by Kirill Kaprizov.
19:29 of 1st period - Stopped by Anton Forsberg without a rebound.
19:30 of 1st period - Seth Griffith wins face-off versus Pierre-Luc Dubois in WINNIPEG BEAVERS zone.
19:30 of 1st period - Joe Thornton is hit by Ilya Mikheyev and loses puck.
Goals for this period are 1 for RENO LIONS vs 2 for WINNIPEG BEAVERS.
Shots for this period are 14 for RENO LIONS vs 4 for WINNIPEG BEAVERS.

2nd period


0:01 of 2nd period - Sean Kuraly wins face-off versus Cam Atkinson in neutral zone.
0:23 of 2nd period - Ondrej Palat is hit by Nikita Zadorov and loses puck.
0:55 of 2nd period - Icing by Ian Cole.
0:56 of 2nd period - Pierre-Luc Dubois wins face-off versus Ondrej Palat in WINNIPEG BEAVERS zone.
0:57 of 2nd period - Shot by Ilya Mikheyev.
0:57 of 2nd period - Stopped by Anton Forsberg without a rebound.
0:58 of 2nd period - Pierre-Luc Dubois wins face-off versus Jordan Staal in WINNIPEG BEAVERS zone.
1:12 of 2nd period - Shot by Cam Atkinson.
1:12 of 2nd period - Shot Blocked by Chris Tanev.
2:08 of 2nd period - Shot by Elias Pettersson.
2:08 of 2nd period - Shot Misses the Net.
2:38 of 2nd period - Icing by Elias Pettersson.
2:39 of 2nd period - Steven Stamkos wins face-off versus Joe Pavelski in RENO LIONS zone.
2:51 of 2nd period - Icing by Ian Cole.
2:52 of 2nd period - Derek Grant wins face-off versus Ondrej Palat in WINNIPEG BEAVERS zone.
2:56 of 2nd period - Icing by Joe Pavelski.
2:57 of 2nd period - Pierre-Luc Dubois wins face-off versus Joe Pavelski in WINNIPEG BEAVERS zone.
2:57 of 2nd period - Pierre-Luc Dubois is hit by Ian Cole.
3:53 of 2nd period - Minor Penalty to Ian Cole for Holding.
3:53 of 2nd period - Minor Penalty to Steven Stamkos for Roughing.
3:54 of 2nd period - Derek Grant wins face-off versus Joe Pavelski in WINNIPEG BEAVERS zone.
4:20 of 2nd period - Shot by Brad Marchand.
4:20 of 2nd period - Shot Blocked by Ethan Bear.
6:00 of 2nd period - Shot by Sean Kuraly.
6:00 of 2nd period - Stopped by Eric Comrie without a rebound.
6:01 of 2nd period - Seth Griffith wins face-off versus Kirill Kaprizov in RENO LIONS zone.
6:16 of 2nd period - Shot by Elias Pettersson.
6:16 of 2nd period - Stopped by Anton Forsberg without a rebound.
6:17 of 2nd period - Pierre-Luc Dubois wins face-off versus Sean Kuraly in WINNIPEG BEAVERS zone.
6:57 of 2nd period - Shot by Cam Atkinson.
6:57 of 2nd period - Stopped by Anton Forsberg without a rebound.
6:58 of 2nd period - Steven Stamkos wins face-off versus Seth Griffith in WINNIPEG BEAVERS zone.
7:06 of 2nd period - Steven Stamkos is hit by Rasmus Ristolainen and loses puck.
8:42 of 2nd period - Icing by Robert Hagg.
8:43 of 2nd period - Joe Pavelski wins face-off versus Derek Grant in RENO LIONS zone.
9:49 of 2nd period - Shot by Kirill Kaprizov.
9:49 of 2nd period - Stopped by Anton Forsberg without a rebound.
9:50 of 2nd period - Jordan Staal wins face-off versus Pierre-Luc Dubois in WINNIPEG BEAVERS zone.
10:21 of 2nd period - Shot by Ilya Mikheyev.
10:21 of 2nd period - Shot Misses the Net.
10:40 of 2nd period - Icing by Brad Marchand.
10:41 of 2nd period - Jordan Staal wins face-off versus Steven Stamkos in WINNIPEG BEAVERS zone.
10:41 of 2nd period - Jordan Staal is hit by Steven Stamkos.
11:03 of 2nd period - Shot by Steven Stamkos.
11:03 of 2nd period - Deflect By Kirill Kaprizov.
11:03 of 2nd period - Stopped by Anton Forsberg without a rebound.
11:04 of 2nd period - Patrick Brown wins face-off versus Seth Griffith in WINNIPEG BEAVERS zone.
11:04 of 2nd period - Patrick Brown is hit by Rasmus Ristolainen.
11:36 of 2nd period - Icing by Seth Griffith.
11:37 of 2nd period - Steven Stamkos wins face-off versus Seth Griffith in WINNIPEG BEAVERS zone.
11:42 of 2nd period - Shot by Elias Pettersson.
11:42 of 2nd period - Shot Misses the Net.
12:38 of 2nd period - Shot by Ondrej Palat.
12:38 of 2nd period - Stopped by Eric Comrie without a rebound.
12:39 of 2nd period - Jordan Staal wins face-off versus Pierre-Luc Dubois in RENO LIONS zone.
12:39 of 2nd period - Brad Marchand is hit by Jacob Trouba.
12:55 of 2nd period - Shot by Pierre-Luc Dubois.
12:55 of 2nd period - Shot Misses the Net.
12:57 of 2nd period - Shot by Cam Atkinson.
12:57 of 2nd period - Stopped by Anton Forsberg without a rebound.
12:58 of 2nd period - Derek Grant wins face-off versus Sean Kuraly in WINNIPEG BEAVERS zone.
13:15 of 2nd period - Shot by Derek Grant.
13:15 of 2nd period - Stopped by Anton Forsberg without a rebound.
13:16 of 2nd period - Pierre-Luc Dubois wins face-off versus Jack Roslovic in WINNIPEG BEAVERS zone.
13:47 of 2nd period - Cam Atkinson is hit by Rasmus Ristolainen and loses puck.
13:54 of 2nd period - Shot by Cam Atkinson.
13:54 of 2nd period - Shot Misses the Net.
14:24 of 2nd period - Icing by Chris Tanev.
14:25 of 2nd period - Kirill Kaprizov wins face-off versus Joe Pavelski in WINNIPEG BEAVERS zone.
15:28 of 2nd period - Shot by Jordan Staal.
15:28 of 2nd period - Stopped by Eric Comrie without a rebound.
15:29 of 2nd period - Patrick Brown wins face-off versus Sean Kuraly in RENO LIONS zone.
15:29 of 2nd period - Vincent Hinostroza is hit by Brandon Tanev and loses puck.
15:36 of 2nd period - Shot by Sean Kuraly.
15:36 of 2nd period - Stopped by Eric Comrie with a rebound.
16:35 of 2nd period - Icing by Ian Cole.
16:36 of 2nd period - Steven Stamkos wins face-off versus Sean Kuraly in WINNIPEG BEAVERS zone.
16:38 of 2nd period - Minor Penalty to Caleb Jones for Holding.
16:39 of 2nd period - Ilya Mikheyev wins face-off versus Seth Griffith in WINNIPEG BEAVERS zone.
17:59 of 2nd period - Shot by Steven Stamkos.
17:59 of 2nd period - Shot Misses the Net.
18:15 of 2nd period - Shot by Steven Stamkos.
18:15 of 2nd period - Stopped by Anton Forsberg without a rebound.
18:16 of 2nd period - Pierre-Luc Dubois wins face-off versus Sean Kuraly in WINNIPEG BEAVERS zone.
18:40 of 2nd period - Icing by Cam Atkinson.
18:41 of 2nd period - Derek Grant wins face-off versus Jordan Staal in RENO LIONS zone.
19:20 of 2nd period - Icing by Brad Marchand.
19:21 of 2nd period - Jordan Staal wins face-off versus Steven Stamkos in WINNIPEG BEAVERS zone.
19:38 of 2nd period - Icing by Elias Pettersson.
19:39 of 2nd period - Steven Stamkos wins face-off versus Jack Roslovic in RENO LIONS zone.
Goals for this period are 0 for RENO LIONS vs 0 for WINNIPEG BEAVERS.
Shots for this period are 8 for RENO LIONS vs 4 for WINNIPEG BEAVERS.

3rd period


0:01 of 3rd period - Steven Stamkos wins face-off versus Jordan Staal in neutral zone.
0:05 of 3rd period - Icing by Brad Marchand.
0:06 of 3rd period - Jordan Staal wins face-off versus Steven Stamkos in WINNIPEG BEAVERS zone.
0:06 of 3rd period - Jordan Staal is hit by Steven Stamkos.
0:14 of 3rd period - Shot by Jordan Staal.
0:14 of 3rd period - Shot Blocked by Jacob Trouba.
0:16 of 3rd period - Shot by Victor Hedman.
0:16 of 3rd period - Shot Blocked by Oliver Ekman-Larsson.
0:18 of 3rd period - Shot by Victor Hedman.
0:18 of 3rd period - Shot Blocked by Jacob Trouba.
0:32 of 3rd period - Shot by Jordan Staal.
0:32 of 3rd period - Shot Blocked by Jacob Trouba.
0:42 of 3rd period - Shot by Jordan Staal.
0:42 of 3rd period - Stopped by Eric Comrie without a rebound.
0:43 of 3rd period - Pierre-Luc Dubois wins face-off versus Joe Pavelski in RENO LIONS zone.
0:43 of 3rd period - Pierre-Luc Dubois is hit by Joe Pavelski.
0:52 of 3rd period - Icing by Joe Pavelski.
0:53 of 3rd period - Joe Pavelski wins face-off versus Pierre-Luc Dubois in WINNIPEG BEAVERS zone.
1:12 of 3rd period - Shot by Pierre-Luc Dubois.
1:12 of 3rd period - Shot Misses the Net.
1:27 of 3rd period - Ilya Mikheyev is hit by Rasmus Ristolainen and loses puck.
1:41 of 3rd period - Off-side.
1:42 of 3rd period - Jordan Staal wins face-off versus Steven Stamkos in neutral zone.
2:22 of 3rd period - Off-side.
2:23 of 3rd period - Derek Grant wins face-off versus Sean Kuraly in neutral zone.
2:40 of 3rd period - Icing by Mattias Samuelsson.
2:41 of 3rd period - Joe Pavelski wins face-off versus Derek Grant in RENO LIONS zone.
3:55 of 3rd period - Brad Marchand is hit by Jacob Trouba and loses puck.
4:18 of 3rd period - Shot by Kirill Kaprizov.
4:18 of 3rd period - Shot Misses the Net.
4:20 of 3rd period - Shot by Jacob Trouba.
4:20 of 3rd period - Shot Misses the Net.
4:25 of 3rd period - Elias Pettersson is hit by Carson Soucy and loses puck.
4:58 of 3rd period - Minor Penalty to Brandon Tanev for Slashing.
4:59 of 3rd period - Pierre-Luc Dubois wins face-off versus Sean Kuraly in WINNIPEG BEAVERS zone.
5:15 of 3rd period - Shot by Pierre-Luc Dubois.
5:15 of 3rd period - Stopped by Anton Forsberg without a rebound.
5:16 of 3rd period - Steven Stamkos wins face-off versus Sean Kuraly in WINNIPEG BEAVERS zone.
6:49 of 3rd period - Brad Marchand is hit by Pierre-Luc Dubois and loses puck.
6:56 of 3rd period - Oliver Ekman-Larsson is hit by Brad Marchand and loses puck.
7:04 of 3rd period - Minor Penalty to Nicholas Ritchie for Slashing.
7:05 of 3rd period - Patrick Brown wins face-off versus Jack Roslovic in RENO LIONS zone.
7:34 of 3rd period - Shot by Ondrej Palat.
7:34 of 3rd period - Stopped by Eric Comrie without a rebound.
7:35 of 3rd period - Jordan Staal wins face-off versus Pierre-Luc Dubois in RENO LIONS zone.
8:30 of 3rd period - Icing by Ondrej Palat.
8:31 of 3rd period - Pierre-Luc Dubois wins face-off versus Jack Roslovic in WINNIPEG BEAVERS zone.
8:52 of 3rd period - Shot by Jack Roslovic.
8:52 of 3rd period - Shot Misses the Net.
9:06 of 3rd period - Shot by Jack Roslovic.
9:06 of 3rd period - Shot Blocked by Oliver Ekman-Larsson.
9:08 of 3rd period - Shot by Carson Soucy.
9:08 of 3rd period - Stopped by Eric Comrie without a rebound.
9:09 of 3rd period - Sean Kuraly wins face-off versus Steven Stamkos in RENO LIONS zone.
9:13 of 3rd period - Brandon Tanev is hit by Jacob Trouba.
9:30 of 3rd period - Icing by Jacob Trouba.
9:31 of 3rd period - Elias Pettersson wins face-off versus Seth Griffith in RENO LIONS zone.
10:07 of 3rd period - Seth Griffith is hit by Oliver Ekman-Larsson and loses puck.
10:42 of 3rd period - Icing by Rasmus Ristolainen.
10:43 of 3rd period - Joe Pavelski wins face-off versus Pierre-Luc Dubois in WINNIPEG BEAVERS zone.
10:50 of 3rd period - Ilya Mikheyev is hit by Jack Roslovic and loses puck.
11:34 of 3rd period - Icing by Nikita Zadorov.
11:35 of 3rd period - Pierre-Luc Dubois wins face-off versus Sean Kuraly in RENO LIONS zone.
11:37 of 3rd period - Icing by Cam Atkinson.
11:38 of 3rd period - Sean Kuraly wins face-off versus Pierre-Luc Dubois in RENO LIONS zone.
12:11 of 3rd period - Shot by Sean Kuraly.
12:11 of 3rd period - Stopped by Eric Comrie with a rebound.
13:48 of 3rd period - Shot by Jack Roslovic.
13:48 of 3rd period - Shot Misses the Net.
14:05 of 3rd period - Off-side.
14:06 of 3rd period - Steven Stamkos wins face-off versus Joe Thornton in neutral zone.
14:13 of 3rd period - Off-side.
14:14 of 3rd period - Joe Thornton wins face-off versus Steven Stamkos in neutral zone.
14:34 of 3rd period - Steven Stamkos is hit by Caleb Jones and loses puck.
14:50 of 3rd period - Minor Penalty to Ian Cole for Hooking.
14:51 of 3rd period - Elias Pettersson wins face-off versus Seth Griffith in WINNIPEG BEAVERS zone.
15:50 of 3rd period - Icing by Andreas Johnsson.
15:51 of 3rd period - Andreas Johnsson wins face-off versus Seth Griffith in RENO LIONS zone.
16:00 of 3rd period - Shot by Robert Hagg.
16:00 of 3rd period - Shot Misses the Net.
16:02 of 3rd period - Shot by Vincent Hinostroza.
16:02 of 3rd period - Goal by Vincent Hinostroza - RENO LIONS : 2 - WINNIPEG BEAVERS : 2.
16:03 of 3rd period - Jordan Staal wins face-off versus Derek Grant in neutral zone.
17:00 of 3rd period - Icing by Robert Hagg.
17:01 of 3rd period - Joe Pavelski wins face-off versus Steven Stamkos in RENO LIONS zone.
17:30 of 3rd period - Shot by Steven Stamkos.
17:30 of 3rd period - Shot Misses the Net.
18:01 of 3rd period - Kirill Kaprizov is hit by Carson Soucy and loses puck.
18:23 of 3rd period - Off-side.
18:24 of 3rd period - Jordan Staal wins face-off versus Patrick Brown in neutral zone.
18:26 of 3rd period - Brad Marchand is hit by Oliver Ekman-Larsson and loses puck.
18:46 of 3rd period - Minor Penalty to Ian Cole for Holding.
18:47 of 3rd period - Sean Kuraly wins face-off versus Pierre-Luc Dubois in WINNIPEG BEAVERS zone.
19:28 of 3rd period - Shot by Cam Atkinson.
19:28 of 3rd period - Deflect By Pierre-Luc Dubois.
19:28 of 3rd period - Shot Misses the Net.
19:30 of 3rd period - Shot by Cam Atkinson.
19:30 of 3rd period - Stopped by Anton Forsberg without a rebound.
19:31 of 3rd period - Steven Stamkos wins face-off versus Sean Kuraly in WINNIPEG BEAVERS zone.
19:45 of 3rd period - Shot by Jacob Trouba.
19:45 of 3rd period - Stopped by Anton Forsberg without a rebound.
19:46 of 3rd period - Sean Kuraly wins face-off versus Pierre-Luc Dubois in WINNIPEG BEAVERS zone.
Goals for this period are 1 for RENO LIONS vs 0 for WINNIPEG BEAVERS.
Shots for this period are 4 for RENO LIONS vs 4 for WINNIPEG BEAVERS.

Overtime #1


0:01 of 1st overtime period - Jordan Staal wins face-off versus Derek Grant in neutral zone.
1:15 of 1st overtime period - Shot by Brad Marchand.
1:15 of 1st overtime period - Stopped by Eric Comrie without a rebound.
1:16 of 1st overtime period - Steven Stamkos wins face-off versus Joe Pavelski in RENO LIONS zone.
1:20 of 1st overtime period - Off-side.
1:21 of 1st overtime period - Steven Stamkos wins face-off versus Joe Pavelski in neutral zone.
2:19 of 1st overtime period - Shot by Pierre-Luc Dubois.
2:19 of 1st overtime period - Stopped by Anton Forsberg without a rebound.
2:20 of 1st overtime period - Pierre-Luc Dubois wins face-off versus Jordan Staal in WINNIPEG BEAVERS zone.
2:38 of 1st overtime period - Shot by Jordan Staal.
2:38 of 1st overtime period - Shot Misses the Net.
2:40 of 1st overtime period - Shot by Victor Hedman.
2:40 of 1st overtime period - Stopped by Eric Comrie without a rebound.
2:41 of 1st overtime period - Jordan Staal wins face-off versus Steven Stamkos in RENO LIONS zone.
2:50 of 1st overtime period - Shot by Ondrej Palat.
2:50 of 1st overtime period - Shot Blocked by Steven Stamkos.
3:55 of 1st overtime period - Shot by Brad Marchand.
3:55 of 1st overtime period - Shot Hit the Post.
4:11 of 1st overtime period - Shot by Pierre-Luc Dubois.
4:11 of 1st overtime period - Stopped by Anton Forsberg without a rebound.
4:12 of 1st overtime period - Jordan Staal wins face-off versus Cam Atkinson in WINNIPEG BEAVERS zone.
4:23 of 1st overtime period - Shot by Jordan Staal.
4:23 of 1st overtime period - Shot Misses the Net.
Goals for this period are 0 for RENO LIONS vs 0 for WINNIPEG BEAVERS.
Shots for this period are 2 for RENO LIONS vs 2 for WINNIPEG BEAVERS.

ShootOut


5:00 of 1st overtime period - Round #1.
5:00 of 1st overtime period - RENO LIONS, Steven Stamkos.
5:00 of 1st overtime period - Stopped by Anton Forsberg.
5:00 of 1st overtime period - WINNIPEG BEAVERS, Joe Pavelski.
5:00 of 1st overtime period - Stopped by Eric Comrie.
5:00 of 1st overtime period - Round #2.
5:00 of 1st overtime period - RENO LIONS, Kirill Kaprizov.
5:00 of 1st overtime period - Goal by Kirill Kaprizov.
5:00 of 1st overtime period - WINNIPEG BEAVERS, Brad Marchand.
5:00 of 1st overtime period - Shot Misses the Net.
5:00 of 1st overtime period - Round #3.
5:00 of 1st overtime period - RENO LIONS, Elias Pettersson.
5:00 of 1st overtime period - Goal by Elias Pettersson.


OWEN
TIPPETT
GUSTAV
FORSLING
MATTHEW
BOLDY

EAST COAST

HOCKEY LEAGUE

  • 67.PIT4RHI2
  • 68.ATL5WOR3
  • 69.QUECHW
  • 70.CHATRV